 Dungeon Crawl Stone Soup version 0.29-a0-925-g0a7a3d12f8 (webtiles) character file.

Game seed: 12857004412367560636

12 Ge0ff the Digger (level 2, 0/18 HPs)
             Began as an Octopode Earth Elementalist on July 29, 2022.
             Slain by a jackal (3 damage)
             ... on level 1 of the Dungeon.
             The game lasted 00:00:57 (401 turns).

Ge0ff the Digger (Octopode Earth Elementalist)       Turns: 401, Time: 00:00:58

Health: 0/18       AC:  1    Str:  7    XL:     2   Next: 33%
Magic:  5/5        EV: 13    Int: 17    God:
Gold:   66         SH:  0    Dex: 12    Spells: 4/5 levels left

rFire   . . .      SeeInvis .   a - +2 short sword (vamp)
rCold   . . .      Faith    .   (no shield)
rNeg    . . .      Spirit   .   (helmet restricted)
rPois   .          Reflect  .   (no amulet)
rElec   .          Harm     .   (no ring)
rCorr   .          Rampage  .   (no ring)
Will    .....                   (no ring)
Stlth   +++.......              (no ring)
HPRegen 0.06/turn               (no ring)
MPRegen 0.09/turn               (no ring)
                                (no ring)
                                (no ring)

@: no status effects
A: almost no armour, amphibious, 8 rings, camouflage 1, gelatinous body 1,
(nimble swimmer 1), tentacles
a: no special abilities


You were on level 1 of the Dungeon.
You visited 1 branch of the dungeon, and saw 1 of its levels.

You collected 66 gold pieces.

Inventory:

Hand Weapons
 a - a +2 vampiric short sword (weapon)
Missiles
 L - 8 stones
Scrolls
 M - a scroll of teleportation {unknown}
 N - a scroll of brand weapon {unknown}
 Q - a scroll of vulnerability {unknown}
Potions
 K - a potion of magic {!q}
 O - a potion of curing {unknown}
 P - a potion of lignification {unknown}


   Skills:
 + Level 0.9 Fighting
 - Level 2.0 Dodging
 - Level 2.6 Stealth
 + Level 2.2 Spellcasting
 - Level 1.0 Transmutations
 + Level 3.2 Earth Magic


You had 4 spell levels left.
You knew the following spells:

 Your Spells              Type           Power      Damage    Failure   Level
k - Sandblast             Erth           24%        2d8       4%          1

Your spell library contained the following spells:

 Spells                   Type           Power      Damage    Failure   Level
 Passwall                 Tmut/Erth      7%         N/A       12%         2
 Stone Arrow              Conj/Erth      14%        3d7       28%         3
 Petrify                  Tmut/Erth      9%         N/A       61%         4


Dungeon Overview and Level Annotations

Branches:
Dungeon (1/15) Zot: 5585

Altars:


Innate Abilities, Weirdness & Mutations

You cannot wear most types of armour.
You are amphibious.
You can wear up to eight rings at the same time.
Your skin changes colour to match your surroundings (Stealth+).
Your rubbery body absorbs attacks. (AC +1, EV +1)
((You are camouflaged when in or above water. (Stealth+)))
You have tentacles for arms and can constrict up to eight enemies at once.


Message History

An endoplasm comes into view.
The blast of sand hits the endoplasm!
You kill the endoplasm!
You now have 66 gold pieces (gained 16).
Found a short sword.
A rat comes into view. 2 jackals come into view.
Found an escape hatch in the floor.
The jackal barks!
A jackal comes into view.
Found a potion of magic.
You barely miss the jackal.
The jackal barks! x2
Your grab misses the jackal. The jackal bites you.
You hit the rat. You grab the rat.
The rat is heavily wounded.
You constrict the rat.
You kill the rat!
The jackal misses you. The jackal barely misses you.
The jackal closely misses you. The jackal completely misses you.
You hit the jackal.
You feel better.
Your grab misses the jackal.
The jackal is heavily wounded.
The jackal bites you but does no damage.
The jackal bites you. The jackal closely misses you. The jackal bites you.
The jackal closely misses you.
You hit the jackal.
You feel better.
You grab the jackal.
The jackal is lightly wounded.
You constrict the jackal. The jackal misses you. The jackal barely misses you.
The jackal bites you. The jackal misses you.
You hit the jackal. Your grab misses the jackal.
Your squeeze misses the jackal.
The jackal is almost dead.
You constrict the jackal. The jackal misses you. x2
The jackal closely misses you. The jackal bites you.
The jackal closely misses you. x2
You barely miss the jackal. Your grab misses the jackal.
You constrict the jackal. The jackal barely misses you. The jackal bites you.
The jackal bites you but does no damage.
You barely miss the jackal. Your grab misses the jackal.
The jackal is almost dead.
You constrict the jackal, but do no damage.
The jackal bites you. The jackal closely misses you.
The jackal bites you but does no damage.
The jackal barely misses you. x2; The jackal bites you.
You puncture the jackal!
You kill the jackal!
You constrict the jackal. The jackal bites you.
* * * LOW HITPOINT WARNING * * *
The jackal bites you.
You die...

##########
#........#
#........#
#!.....)>#
#........#
#........###
#......h...###
#.....h@.....#####
#........##......#
############..##....
##.# ## #.### #...##
###..##### ##.....#
########### #####.##


You could see 2 jackals.

Vanquished Creatures
  A dart slug (D:1)
  An endoplasm (D:1)
  A goblin (D:1)
  A hobgoblin (D:1)
  A jackal (D:1)
  2 kobolds (D:1)
  5 rats (D:1)
12 creatures vanquished.

Notes
Turn   | Place    | Note
-------+----------+-------------------------------------------
     0 | D:1      | Ge0ff the Octopode Earth Elementalist began the quest for
                  | the Orb.
     0 | D:1      | Reached XP level 1. HP: 11/11 MP: 3/3
   218 | D:1      | Reached XP level 2. HP: 18/18 MP: 3/5
   401 | D:1      | Slain by a jackal

Illustrated notes

Levels and vault maps discovered:
D:1:      dpeg_arrival_prison, layout_rooms, serial_glass, glass_columns_b,
          glass_columns_a

Action                   || total
-------------------------++-------
Melee: Short sword       ||     9
       Constrict         ||     3
       Tentacles         ||     2
       Unarmed           ||     1
 Cast: Sandblast         ||    12
Armor: Skin              ||     3
Dodge: Dodged            ||    19

Table legend: (Time is in decaauts)
 A = Elapsed time spent in this place.
 B = Non-inter-level travel time spent in this place.
 C = Inter-level travel time spent in this place.
 D = Time resting spent in this place.
 E = Time spent auto-exploring this place.
 F = Levels seen in this place.
 G = Mean time per level.
                   A        B        C        D        E       F      G
               +--------+--------+--------+--------+--------+-----+--------+
         Total |    413 |    413 |      0 |      0 |    342 |   1 |  413.0 |
       Dungeon |    413 |    413 |      0 |      0 |    342 |   1 |  413.0 |
               +--------+--------+--------+--------+--------+-----+--------+

Top non-repeatable levels by time:
     D:1: 413 daAuts
